 Dungeon Crawl Stone Soup version 0.23-a0-171-g5ae17c6 (webtiles) character file.

1479 Beyonce the Chopper (level 8, -3/62 HPs)
             Began as a Demonspawn Berserker on Sept 12, 2018.
             Was a Priest of Trog.
             Slain by a gnoll sergeant
             ... wielding a +0 trident of protection
              (10 damage)
             ... on level 6 of the Dungeon.
             The game lasted 00:06:35 (6351 turns).

Beyonce the Chopper (Demonspawn Berserker)          Turns: 6351, Time: 00:06:35

Health: -3/62      AC: 11    Str: 17    XL:     8   Next: 50%
Magic:  9/9        EV: 15    Int:  9    God:    Trog [***...]
Gold:   105        SH:  0    Dex: 15    Spells: 7/7 levels left

rFire    . . .     SeeInvis .   a - +0 hand axe
rCold    . . .     Gourm    .   (no shield)
rNeg     . . .     Faith    .   A - +1 ring mail of Defiance {rElec} (curse)
rPois    +         Spirit   .   d - +0 helmet
rElec    +         Reflect  .   j - +0 cloak {rPois}
rCorr    .         Harm     .   f - +0 pair of gloves
MR       .....                  b - +0 pair of boots
Stlth    +.........             (no amulet)
HPRegen  0.20/turn              v - ring of flight
MPRegen  0.11/turn              (no ring)

@: berserk cooldown
A: claws 1, repulsion field 2
a: Berserk, Trog's Hand, Renounce Religion, Evoke Flight


You were on level 6 of the Dungeon.
You worshipped Trog.
Trog was most pleased with you.
You were near starving.

You visited 1 branch of the dungeon, and saw 6 of its levels.

You collected 285 gold pieces.
You spent 180 gold pieces at shops.

Inventory:

Hand Weapons
 a - a +0 hand axe (weapon)
Armour
 b - a +0 pair of boots (worn)
 d - a +0 helmet (worn)
 f - a +0 pair of gloves (worn)
 j - a +0 cloak of poison resistance (worn)
 l - a +2 ring mail of cold resistance
 A - the cursed +1 ring mail of Defiance (worn) {rElec}
   (You bought it in a shop on level 5 of the Dungeon)

   It insulates you from electricity.
   It has a curse placed upon it.
Jewellery
 v - a ring of flight (left hand)
Wands
 q - a wand of acid (3)
 y - a wand of flame (9)
Scrolls
 e - 3 scrolls of magic mapping {unknown}
 h - 2 scrolls of amnesia {unknown}
 i - a scroll of immolation {unknown}
 k - a scroll of noise {unknown}
 o - 2 scrolls of blinking {unknown}
 p - 6 scrolls of identify {unknown}
 r - 2 scrolls of teleportation {unknown}
 s - a scroll of fear {unknown}
 w - 2 scrolls of enchant weapon {unknown}
Potions
 g - a potion of might {unknown}
 m - a potion of mutation {unknown}
 n - a potion of degeneration {unknown}
 t - 2 potions of flight {unknown}
 u - 2 potions of magic {unknown}
 x - a potion of invisibility {unknown}
 z - a potion of curing
Comestibles
 c - 6 rations
 B - 2 chunks of flesh


   Skills:
 * Level 5.1 Fighting
 * Level 7.8 Axes
 + Level 3.6 Armour
 + Level 3.4 Dodging
 * Level 2.2 Evocations


You had 7 spell levels left.
You didn't know any spells.
Your spell library was empty.

Dungeon Overview and Level Annotations

Branches:
Dungeon (6/15)             Temple (0/1) D:4

Altars:
Kikubaaqudgha
Qazlal

Shops:
D:5 [


Innate Abilities, Weirdness & Mutations

You have sharp fingernails.
You are surrounded by a moderate repulsion field. (EV +3)


Message History

The gnoll sergeant is heavily wounded.
The gnoll sergeant hits you with a trident of protection.
* * * LOW HITPOINT WARNING * * *
The gnoll sergeant hits you with a trident of protection!
* * * LOW HITPOINT WARNING * * *
You completely miss the gnoll sergeant.
The gnoll sergeant is heavily wounded.
You feel yourself speed up.
The gnoll sergeant completely misses you.
Unknown command.
Evoke which item? (* to show all) (? for menu, Esc to quit)
Aiming: Corrosive Bolt
Press: ? - help, Shift-Dir - straight line, f - gnoll sergeant
Aim: a gnoll sergeant, wielding a trident of protection, wearing a scale mail The bolt of acid hits the gnoll sergeant.
The gnoll sergeant is splashed with acid.
The acid corrodes the gnoll sergeant!
The gnoll sergeant is severely wounded.
The gnoll sergeant hits you with a trident of protection!
You die...

####### ..>.... .......
..%.... .......
.......##
........########
#@.......# ##g).....#
#####........###.. ..
#.......#..##?.... ...#
#.......#.........
.....##...<..)[%#......
#..................## #.
##.##.<.............#...
........................


You could see a gnoll sergeant.

Vanquished Creatures
  Grinder (D:3)
  Menkaure (D:4)
  Edmund (D:4)
  Duvessa (D:4)
  3 ice beasts (D:5)
  A bullfrog (D:4)
  Dowan (D:4)
  A howler monkey (D:4)
  2 hounds
  2 centaur skeletons (D:4)
  An orc wizard (D:3)
  Terence (D:2)
  An iguana (D:4)
  3 worker ants
  A hound zombie (D:5)
  6 gnolls
  7 adders
  An adder skeleton (D:4)
  4 worms
  2 dart slugs (D:3)
  4 leopard geckos
  13 orcs
  3 ball pythons
  3 bats
  7 giant cockroaches
  5 goblins
  4 hobgoblins
  9 jackals
  3 quokkas
  4 frilled lizards
  A jackal skeleton (D:6)
  11 kobolds
  A quokka skeleton (D:5)
  9 rats
118 creatures vanquished.

Vanquished Creatures (others)
  A human (D:3)
1 creature vanquished.

Grand Total: 119 creatures vanquished

Notes
Turn   | Place    | Note
-------+----------+-------------------------------------------
     0 | D:1      | Beyonce the Demonspawn Berserker began the quest for the
                  | Orb.
     0 | D:1      | Reached XP level 1. HP: 18/18 MP: 1/1
     3 | D:1      | Noticed an electric eel
     3 | D:1      | Noticed an electric eel
   110 | D:1      | Reached skill level 3 in Axes
   126 | D:1      | Gained mutation: You are surrounded by a mild repulsion
                  | field. (EV +2) [demonic ancestry]
   126 | D:1      | Reached XP level 2. HP: 21/24 MP: 2/2
   821 | D:1      | Gained mutation: You are surrounded by a moderate repulsion
                  | field. (EV +3) [demonic ancestry]
   821 | D:1      | Reached XP level 3. HP: 11/29 MP: 3/3
  1125 | D:1      | Reached ** piety under Trog
  1306 | D:2      | Reached skill level 4 in Axes
  1688 | D:2      | Noticed a water elemental
  1690 | D:2      | Found a stormy altar of Qazlal.
  1691 | D:2      | Noticed a fire elemental
  1691 | D:2      | Noticed an air elemental
  1691 | D:2      | Noticed an earth elemental
  1837 | D:2      | Noticed Terence
  1863 | D:2      | Killed Terence
  1863 | D:2      | Reached XP level 4. HP: 9/35 MP: 4/4
  2843 | D:3      | Reached XP level 5. HP: 41/41 MP: 5/5
  2861 | D:3      | Found a faded altar of an unknown god.
  2905 | D:3      | Noticed Grinder
  2908 | D:3      | Paralysed by Grinder for 4 turns
  2917 | D:3      | Paralysed by Grinder for 5 turns
  2935 | D:3      | Killed Grinder
  2935 | D:3      | Reached skill level 5 in Axes
  2935 | D:3      | Reached XP level 6. HP: 4/48 MP: 6/6
  3296 | D:3      | Found an ancient bone altar of Kikubaaqudgha.
  3297 | D:3      | Noticed a human
  3300 | D:3      | Killed a human
  4185 | D:4      | Found a staircase to the Ecumenical Temple.
  4197 | D:4      | Reached *** piety under Trog
  4197 | D:4      | Reached skill level 6 in Axes
  4200 | D:4      | Noticed Dowan
  4204 | D:4      | Noticed Duvessa
  4213 | D:4      | Gained mutation: You have sharp fingernails. [demonic
                  | ancestry]
  4213 | D:4      | Reached XP level 7. HP: 54/54 MP: 7/7
  4222 | D:4      | Killed Dowan
  4224 | D:4      | Killed Duvessa
  4552 | D:4      | Noticed Menkaure
  4565 | D:4      | Killed Menkaure
  4929 | D:4      | Noticed Edmund
  4953 | D:4      | Killed Edmund
  4953 | D:4      | Reached skill level 7 in Axes
  4953 | D:4      | Reached skill level 1 in Evocations
  5291 | D:4      | Reached XP level 8. HP: 51/61 MP: 8/8
  5551 | D:5      | Entered Level 5 of the Dungeon
  5810 | D:5      | Found Tiblu's Antique Armour Shop.
  5852 | D:5      | Bought a scorched ring mail for 180 gold pieces
  5862 | D:5      | Identified the cursed +1 ring mail of Defiance {rElec} (You
                  | bought it in a shop on level 5 of the Dungeon)
  6087 | D:5      | Reached skill level 5 in Fighting
  6351 | D:6      | Slain by a gnoll sergeant

Vault maps used:
D:1:      arrival_aquarium_b
D:2:      nicolae_qazlal_style_of_elements, first_ration, uniq_terence
D:3:      chequers_ecumenical_altar_simple_redux, portal_sewer_entry_d,
          tgw_kikubaaqudgha, uniq_grinder
D:4:      temple_pool_b, uniq_duvessa, uniq_edmund, uniq_menkaure
D:5:      serial_shops, shop

Skill      XL: |  1  2  3  4  5  6  7  8 |
---------------+-------------------------+-----
Axes           | 3 4 5 6 7 |  7.8
Dodging        | 2 3 |  3.4
Armour         | 2 3 |  3.6
Fighting       | 4 5 |  5.1
Evocations     | 1 2 |  2.2

Action                   |  1- 3 |  4- 6 |  7- 9 || total
-------------------------+-------+-------+-------++-------
Melee: Hand axe          |   172 |   229 |   261 ||   662
Invok: Berserk           |       |     2 |     1 ||     3
Evoke: Wand              |       |       |     2 ||     2
  Use: Potion            |     1 |       |       ||     1
  Eat: Chunk             |     2 |     6 |     8 ||    16
       Ration            |       |     1 |       ||     1
Armor: Animal skin       |    28 |       |       ||    28
       Scale mail        |       |    77 |       ||    77
       Ring mail         |       |     6 |    76 ||    82
Dodge: Dodged            |   144 |   180 |   162 ||   486

Table legend:
 A = Non-vault XP
 B = Vault XP
 C = Vault XP percentage of total XP
 D = Non-vault monster count
 E = Vault monster count
 F = Vault count percentage of total count
                 A         B        C        D         E       F
            +---------+---------+-------+---------+---------+-------
      Total |    1249 |     865 |  40.9 |     111 |       7 |   5.9
            +---------+---------+-------+---------+---------+-------
        D:1 |      59 |       0 |   0.0 |      28 |       0 |   0.0
        D:2 |      41 |      38 |  48.1 |      11 |       1 |   8.3
        D:3 |     174 |     300 |  63.3 |      38 |       2 |   5.0
        D:4 |     354 |     527 |  59.8 |      15 |       4 |  21.1
        D:5 |     547 |       0 |   0.0 |      12 |       0 |   0.0
        D:6 |      74 |       0 |   0.0 |       7 |       0 |   0.0
            +---------+---------+-------+---------+---------+-------
